 Dungeon Crawl Stone Soup version 0.23.2-1-ga50397a (webtiles) character file.

Game seed: 17236282003272201189

33 Kairos the Shield-Bearer (level 3, 0/30 HPs)
             Began as a Formicid Fighter on Apr 21, 2019.
             Shot with a stone by a goblin (4 damage)
             ... on level 2 of the Dungeon.
             The game lasted 00:00:54 (717 turns).

Kairos the Shield-Bearer (Formicid Fighter)          Turns: 717, Time: 00:00:54

Health: 0/30       AC:  6    Str: 21    XL:     3   Next: 47%
Magic:  3/3        EV:  8    Int:  7    God:
Gold:   50         SH:  9    Dex: 10    Spells: 2/2 levels left

rFire    . . .     SeeInvis +   a - +0 war axe
rCold    . . .     Gourm    .   c - +0 shield
rNeg     . . .     Faith    .   b - +0 scale mail
rPois    .         Spirit   .   (helmet unavailable)
rElec    .         Reflect  .   (no cloak)
rCorr    +         Harm     .   (no gloves)
MR       .....                  (no boots)
Stlth    ..........             (no amulet)
HPRegen  0.10/turn              e - ring of resist corrosion
MPRegen  0.08/turn              (no ring)

@: lethally poisoned (0 -> -6)
A: permanent stasis, dig shafts and tunnels, four strong arms, antennae 3
a: Dig, Shaft Self


You were on level 2 of the Dungeon.
You were not hungry.

You visited 1 branch of the dungeon, and saw 2 of its levels.

You collected 50 gold pieces.

Inventory:

Hand Weapons
 a - a +0 war axe (weapon)
Armour
 b - a +0 scale mail (worn)
 c - a +0 shield (worn)
Jewellery
 e - a ring of resist corrosion (left hand)
Scrolls
 g - a scroll of identify
Potions
 d - a potion of might
 h - a potion of lignification {unknown}
Comestibles
 f - 3 rations


   Skills:
 + Level 3.7 Fighting
 + Level 2.6 Axes
 + Level 3.5 Armour
 + Level 4.1 Shields


You had 2 spell levels left.
You didn't know any spells.
Your spell library was empty.

Dungeon Overview and Level Annotations

Branches:
Dungeon (2/15)

Altars:


Innate Abilities, Weirdness & Mutations

You cannot be hasted, slowed, berserked, paralysed or teleported.
You can dig through walls and to a lower floor.
Your four strong arms can wield two-handed weapons with a shield.
You have a pair of large antennae on your head. (SInv)


Message History

The adder bites you but does no damage. You block the adder's attack.
You closely miss the quokka. You closely miss the adder.
You feel sick. The adder bites you but does no damage.
The quokka barely misses you. The adder bites you but does no damage.
The quokka bites you.
* * * LOW HITPOINT WARNING * * *
Unknown command.
You slash the quokka!
You kill the quokka!
You miss the adder. You block the adder's attack.
The goblin shoots a stone.
The stone barely misses you. The adder bites you.
* * * LOW HITPOINT WARNING * * *
You are more poisoned.
The adder poisons you!
The goblin shoots a stone.
The stone hits you.
* * * LOW HITPOINT WARNING * * *
You hit the adder.
The adder is moderately wounded.
* * * LOW HITPOINT WARNING * * *
You feel sick. The adder barely misses you.
The goblin shoots a stone.
The stone hits you.
You die...

##≈≈###...............
#≈≈#≈≈≈≈...............
≈ ≈≈≈≈#≈##.........!)...
≈≈#≈≈≈≈≈≈#..............
#≈≈≈≈≈≈≈≈≈..............
#≈≈#≈#≈##.......<......
#≈≈≈≈≈ #...(###........
#≈≈≈##....# #........ ##
#@(..######.......
.....g)S)...........†...
.......!..##............
........................
..........##............
..........##............
.........#..............
...#.....#.#............
..........


You could see an adder and a goblin.

Vanquished Creatures
  A giant cockroach (D:1)
  2 goblins (D:2)
  7 hobgoblins
  2 jackals (D:1)
  4 kobolds
  A quokka (D:2)
  2 ball pythons
  7 bats
  3 rats
29 creatures vanquished.

Notes
Turn   | Place    | Note
-------+----------+-------------------------------------------
     0 | D:1      | Kairos the Formicid Fighter began the quest for the Orb.
     0 | D:1      | Reached XP level 1. HP: 18/18 MP: 1/1
    99 | D:1      | Reached XP level 2. HP: 22/24 MP: 2/2
   339 | D:1      | Reached skill level 4 in Shields
   355 | D:1      | Reached XP level 3. HP: 25/29 MP: 3/3
   717 | D:2      | Shot with a stone by a goblin

Skill      XL: |  1  2 |
---------------+-------+-----
Shields        | 4 |  4.1
Fighting       | |  3.7
Axes           | |  2.6
Armour         | |  3.5

Action                   || total
-------------------------++-------
Melee: War axe           ||    86
  Use: Scroll            ||     2
Armor: Scale mail        ||    52
Dodge: Dodged            ||    47
Block: Shield            ||    73
